 Seeded DCSS version 0.26.1-10-gdfb7c7de75 (webtiles) character file.

Game seed: 13435453013147752700 (custom seed)

28908 wilfster70 the Frost Mage (level 13, -7/98 HPs)
             Began as a Gnoll Ice Elementalist on Apr 11, 2021.
             Was an Initiate of Ashenzari.
             Mangled by a cane toad (25 damage)
             ... on level 1 of the Lair of Beasts.
             The game lasted 00:34:29 (12490 turns).

wilfster70 the Frost Mage (Gnoll Ice Elementalist) Turns: 12490, Time: 00:34:30

Health: -7/98      AC:  3    Str: 18    XL:     13   Next: 41%
Magic:  22/26      EV: 20    Int: 22    God:    Ashenzari [......]
Gold:   764        SH:  5    Dex: 21    Spells: 22/30 levels left

rFire    + + .     SeeInvis .   a - +8 trident of Debt {freeze, Str+4 Dex+5} (curse)
rCold    . . .     Faith    .   (no shield)
rNeg     . . .     Spirit   .   w - +1 robe "Jualuc" {rF+ Str+3 Stlth+} (curse)
rPois    .         Reflect  +   (no helmet)
rElec    .         Harm     .   (no cloak)
rCorr    .         Rampage  .   (no gloves)
Will     +....                  (no boots)
Stlth    +++++.....             c - amulet of reflection
HPRegen  0.26/turn              e - ring of protection from fire
MPRegen  0.20/turn              G - ring "Ysepid" {Will+ Slay+3} (curse)

@: mighty, frozen ramparts
A: distributed training, fangs 1, strong nose
a: Renounce Religion, Curse Item


You were on level 1 of the Lair of Beasts.
You worshipped Ashenzari.
Ashenzari was noncommittal.
You visited 2 branches of the dungeon, and saw 12 of its levels.
You also visited: Trove.

You collected 764 gold pieces.

Inventory:

Hand Weapons
 a - the cursed +8 trident of Debt (weapon) {freeze, Str+4 Dex+5}
   (You found it on level 11 of the Dungeon)

   It has been specially enchanted to freeze those struck by it, causing extra
   injury to most foes and up to half again as much damage against particularly
   susceptible opponents.
   It can also slow down cold-blooded creatures.
   It affects your strength (+4).
   It affects your dexterity (+5).
   It has a curse placed upon it.
Missiles
 n - 24 poisoned darts (quivered)
 C - 2 datura-tipped darts
Armour
 w - the cursed +1 robe "Jualuc" (worn) {rF+ Str+3 Stlth+}
   (You found it on level 11 of the Dungeon)

   It affects your strength (+3).
   It protects you from fire.
   It makes you more stealthy.
   It has a curse placed upon it.
 y - a +2 leather armour of fire resistance
Jewellery
 c - an amulet of reflection (around neck)
 e - a ring of protection from fire (left hand)
 G - the cursed ring "Ysepid" (right hand) {Will+ Slay+3}
   (You found it in a treasure trove)

   [ring of willpower]

   It affects your accuracy and damage with ranged weapons and melee attacks
   (+3).
   It affects your willpower, your defense against some magical effects.
   It has a curse placed upon it.
 I - the ring "Leujun" {rC+ rCorr}
   (You found it in a treasure trove)

   [ring of resist corrosion]

   It protects you from cold.
   It provides partial protection from all sources of acid and corrosion.
Wands
 u - a wand of random effects (13)
 E - a wand of polymorph (16)
 F - a wand of acid (11)
Scrolls
 b - 4 scrolls of teleportation
 g - 2 scrolls of enchant weapon {unknown}
 h - 2 scrolls of amnesia
 k - a scroll of fear
 l - 2 scrolls of enchant armour {unknown}
 m - a scroll of magic mapping
 s - 4 scrolls of remove curse
 v - 2 scrolls of immolation {unknown}
 x - a scroll of fog {unknown}
Potions
 d - a potion of might
 f - a potion of mutation
 i - 2 potions of resistance
 j - 2 potions of brilliance
 o - 2 potions of lignification
 p - a potion of cancellation
 q - 2 potions of flight
 t - 2 potions of invisibility
 z - 3 potions of curing
 A - a potion of heal wounds
 B - a potion of ambrosia {unknown}
 D - 2 potions of haste
 H - a potion of berserk rage {unknown}
 K - a potion of magic {unknown}


   Skills:
 + Level 7.8 Fighting
 + Level 7.8 Short Blades
 + Level 7.8 Long Blades
 + Level 7.8 Axes
 + Level 7.8 Maces & Flails
 + Level 7.8 Polearms
 + Level 7.8 Staves
 + Level 7.8 Slings
 + Level 7.8 Bows
 + Level 7.8 Crossbows
 + Level 7.8 Throwing
 + Level 7.8 Armour
 + Level 9.1 Dodging
 + Level 9.0 Stealth
 + Level 7.8 Shields
 + Level 7.8 Unarmed Combat
 + Level 9.3 Spellcasting
 + Level 6.5 Conjurations
 + Level 6.5 Hexes
 + Level 6.5 Summonings
 + Level 6.5 Necromancy
 + Level 6.5 Translocations
 + Level 6.5 Transmutations
 + Level 6.5 Fire Magic
 + Level 9.7 Ice Magic
 + Level 6.5 Air Magic
 + Level 6.5 Earth Magic
 + Level 6.5 Poison Magic
 + Level 8.6 Invocations
 + Level 7.8 Evocations


You had 22 spell levels left.
You knew the following spells:

 Your Spells              Type           Power        Failure   Level
a - Ozocubu's Armour      Ice            52%          1%          3
b - Frozen Ramparts       Ice            100%         1%          3
d - Blink                 Tloc           N/A          1%          2

Your spell library contained the following spells:

 Spells                   Type           Power        Failure   Level
 Freeze                   Ice            100%         1%          1
 Magic Dart               Conj           100%         1%          1
 Call Imp                 Summ           38%          1%          2
 Slow                     Hex            38%          1%          2
 Conjure Flame            Conj/Fire      38%          1%          3
 Mephitic Cloud           Conj/Pois/Air  38%          1%          3
 Hailstorm                Conj/Ice       46%          2%          4
 Summon Ice Beast         Ice/Summ       46%          2%          4


Dungeon Overview and Level Annotations

Branches:
Dungeon (11/15)            Temple (0/1) D:6            Lair (1/6) D:10
    Orc: D:9-12

Altars:
Ashenzari
Hepliaklqana
Nemelex Xobeh
Okawaru

Shops:
D:8 :

Annotations:
D:6 2 transporters, mavignon's ghost, amateur BaBe


Innate Abilities, Weirdness & Mutations

Your experience applies equally to all skills.
You have very sharp teeth.
Your uncanny sense of smell can sniff out nearby items.


Message History

You block the cane toad's attack.
Your life force feels restored.
Your Stealth skill increases to level 9!
Your icy armour will break if you move.
Continue?
Your icy armour cracks and falls away as you move.
Casting: Frozen Ramparts (safe; 1% risk of failure)
Confirm with . or Enter, or press ? or * to list all spells.
Casting: Frozen Ramparts (safe; 1% risk of failure)
Press: ? - help, Dir - look around, f - activate The walls around you are covered in ice.
The wall freezes the cane toad!
The cane toad seems to slow down.
You block the cane toad's attack.
You completely miss the cane toad.
The cane toad is moderately wounded.
The wall freezes the cane toad!
The cane toad barely misses you.
You barely miss the cane toad.
The cane toad is heavily wounded.
The wall freezes the cane toad.
The cane toad seems to slow down.
The cane toad stings you!!
You die...

##.......## .#
###...### ..#
#.8.# ...#
##+#.# ....#
##....#
....###.....#
#...#..#.###.##
#...†.).......
#.#..§F@.......
#...#########
#..## #....
##..# #.## #.
#h


You could see a cane toad (slow).

Vanquished Creatures
  Fannar (Lair:1)
  2 two-headed ogres
  An unseen horror (D:10)
  An ugly thing (D:11)
  A snapping turtle (shapeshifter) (D:9)
  10 yaks
  Eustachio (D:5)
  2 wraiths (D:11)
  Menkaure (D:6)
  A water moccasin (D:9)
  A sky beast (D:9)
  2 black bears (D:10)
  5 orc warriors
  A phantom (D:7)
  3 ogres
  An eye of draining (D:10)
  4 wolves (Lair:1)
  3 centaurs
  2 big kobolds (D:7)
  5 bullfrogs
  6 scorpions
  18 killer bees
  15 wights
  3 howler monkeys
  A bullfrog zombie (D:9)
  A quasit (D:9)
  A hound (D:5)
  3 jellies
  2 centaur skeletons
  10 orc priests
  9 orc wizards
  3 bullfrog skeletons
  Ijyb (D:3)
  3 worker ants
  A hound skeleton (D:4)
  A worker ant zombie (D:10)
  3 gnolls (D:3)
  A howler monkey skeleton (D:9)
  14 adders
  3 white imps
  An ufetubus (D:10)
  2 adder skeletons
  2 worms
  2 dart slugs (D:2)
  3 leopard geckos
  29 orcs
  3 ball pythons
  4 giant cockroaches
  5 goblins
  4 hobgoblins
  13 jackals
  16 kobolds
  4 quokkas
  5 bats
  5 frilled lizards
  7 rats
252 creatures vanquished.

Vanquished Creatures (others)
  6 fungi (D:10)
  13 plants
19 creatures vanquished.

Grand Total: 271 creatures vanquished

Notes
Turn   | Place    | Note
-------+----------+-------------------------------------------
     0 | D:1      | wilfster70 the Gnoll Ice Elementalist began the quest for
                  | the Orb.
     0 | D:1      | Reached XP level 1. HP: 13/13 MP: 6/6
    66 | D:1      | Found a broken altar of Ashenzari.
    70 | D:1      | Became a worshipper of Ashenzari the Shackled
   289 | D:1      | Reached XP level 2. HP: 19/19 MP: 7/7
   840 | D:2      | Reached XP level 3. HP: 25/25 MP: 6/9
   844 | D:2      | Learned a level 3 spell: Frozen Ramparts
   848 | D:2      | Learned a level 3 spell: Ozocubu's Armour
   909 | D:2      | Reached skill level 5 in Spellcasting
   972 | D:2      | Reached skill level 1 in Invocations
  1061 | D:2      | Reached skill level 1 in Fighting
  1061 | D:2      | Reached skill level 1 in Short Blades
  1061 | D:2      | Reached skill level 1 in Long Blades
  1061 | D:2      | Reached skill level 1 in Axes
  1061 | D:2      | Reached skill level 1 in Maces & Flails
  1061 | D:2      | Reached skill level 1 in Polearms
  1061 | D:2      | Reached skill level 1 in Staves
  1061 | D:2      | Reached skill level 1 in Slings
  1061 | D:2      | Reached skill level 1 in Bows
  1061 | D:2      | Reached skill level 1 in Crossbows
  1061 | D:2      | Reached skill level 1 in Throwing
  1061 | D:2      | Reached skill level 1 in Armour
  1061 | D:2      | Reached skill level 1 in Shields
  1061 | D:2      | Reached skill level 1 in Unarmed Combat
  1061 | D:2      | Reached skill level 1 in Evocations
  1232 | D:2      | Reached XP level 4. HP: 30/32 MP: 7/11
  1465 | D:3      | Reached skill level 1 in Conjurations
  1465 | D:3      | Reached skill level 1 in Hexes
  1465 | D:3      | Reached skill level 1 in Summonings
  1465 | D:3      | Reached skill level 1 in Necromancy
  1465 | D:3      | Reached skill level 1 in Translocations
  1465 | D:3      | Reached skill level 1 in Transmutations
  1465 | D:3      | Reached skill level 1 in Fire Magic
  1465 | D:3      | Reached skill level 1 in Air Magic
  1465 | D:3      | Reached skill level 1 in Earth Magic
  1465 | D:3      | Reached skill level 1 in Poison Magic
  1681 | D:3      | Reached XP level 5. HP: 37/37 MP: 8/12
  1776 | D:3      | Noticed Ijyb
  1914 | D:3      | Killed Ijyb
  2008 | D:3      | Found a sparkling altar of Nemelex Xobeh.
  2250 | D:4      | Found an iron altar of Okawaru.
  2267 | D:4      | Reached XP level 6. HP: 44/44 MP: 11/14
  2273 | D:4      | Reached skill level 5 in Dodging
  2282 | D:4      | Found a hazy altar of Hepliaklqana.
  2509 | D:4      | Reached XP level 7. HP: 36/50 MP: 11/15
  3595 | D:4      | Reached skill level 5 in Stealth
  3824 | D:5      | Entered Level 5 of the Dungeon
  3931 | D:4      | Reached XP level 8. HP: 35/57 MP: 12/16
  4645 | D:5      | Reached * piety under Ashenzari
  4817 | D:6      | Noticed a wraith
  4945 | D:5      | Noticed Eustachio
  5306 | D:5      | Killed Eustachio
  5556 | D:6      | Found a transporter.
  5556 | D:6      | Noticed mavignon's ghost (amateur BaBe)
  5639 | D:6      | Found a staircase to the Ecumenical Temple.
  5707 | D:6      | Noticed Menkaure
  5756 | D:6      | Found a transporter.
  5791 | D:6      | Got the falchion "Bisade" {vorpal, rElec Int+3}
  5793 | D:6      | Identified the +9 falchion "Bisade" {vorpal, rElec Int+3}
                  | (You found it on level 6 of the Dungeon)
  5900 | D:6      | Killed Menkaure
  6289 | D:7      | Reached XP level 9. HP: 61/65 MP: 15/18
  7427 | D:8      | Found Xopteit's Book Boutique.
  7754 | D:8      | Identified the +1 robe "Umacvyng" {Rampage rN+ Str+3}
  7756 | D:8      | Reached ** piety under Ashenzari
  8139 | D:9      | Reached skill level 5 in Invocations
  8164 | D:9      | Reached XP level 10. HP: 71/73 MP: 14/20
  8206 | D:9      | Noticed a two-headed ogre
  8226 | D:9      | Noticed a glowing shapeshifter
  8226 | D:9      | a two-headed ogre changed into a glowing shapeshifter
  8227 | D:9      | Noticed a two-headed ogre
  8227 | D:9      | a glowing shapeshifter changed into a two-headed ogre
  8229 | D:9      | a two-headed ogre changed into a snapping turtle
  8239 | D:9      | Reached skill level 5 in Fighting
  8239 | D:9      | Reached skill level 5 in Short Blades
  8239 | D:9      | Reached skill level 5 in Long Blades
  8239 | D:9      | Reached skill level 5 in Axes
  8239 | D:9      | Reached skill level 5 in Maces & Flails
  8239 | D:9      | Reached skill level 5 in Polearms
  8239 | D:9      | Reached skill level 5 in Staves
  8239 | D:9      | Reached skill level 5 in Slings
  8239 | D:9      | Reached skill level 5 in Bows
  8239 | D:9      | Reached skill level 5 in Crossbows
  8239 | D:9      | Reached skill level 5 in Throwing
  8239 | D:9      | Reached skill level 5 in Armour
  8239 | D:9      | Reached skill level 5 in Shields
  8239 | D:9      | Reached skill level 5 in Unarmed Combat
  8239 | D:9      | Reached skill level 5 in Evocations
  9057 | D:10     | Entered Level 10 of the Dungeon
  9119 | D:10     | Killed an unseen horror
  9310 | D:10     | Noticed a two-headed ogre
  9386 | D:10     | HP: 2/75 [killer bee (4)]
 10075 | D:10     | Learned a level 2 spell: Blink
 10354 | D:10     | Reached XP level 11. HP: 81/81 MP: 22/22
 10529 | D:10     | Killed a two-headed ogre
 10740 | D:10     | Found a staircase to the Lair.
 10770 | D:11     | Noticed a two-headed ogre
 10955 | D:11     | Reached skill level 5 in Conjurations
 10955 | D:11     | Reached skill level 5 in Hexes
 10955 | D:11     | Reached skill level 5 in Summonings
 10955 | D:11     | Reached skill level 5 in Necromancy
 10955 | D:11     | Reached skill level 5 in Translocations
 10955 | D:11     | Reached skill level 5 in Transmutations
 10955 | D:11     | Reached skill level 5 in Fire Magic
 10955 | D:11     | Reached skill level 5 in Air Magic
 10955 | D:11     | Reached skill level 5 in Earth Magic
 10955 | D:11     | Reached skill level 5 in Poison Magic
 11127 | D:11     | Noticed a red ugly thing
 11137 | D:11     | Killed a red ugly thing
 11350 | D:11     | Found a portal to a secret trove of treasure.
 11359 | Trove    | Entered a treasure trove
 11379 | Trove    | Reached XP level 12. HP: 91/91 MP: 24/24
 11380 | Trove    | Reached XP level 13. HP: 97/97 MP: 24/26
 11385 | Trove    | Identified the cursed ring "Ysepid" {Will+ Slay+3}
 11385 | Trove    | Identified the ring "Leujun" {rC+ rCorr}
 11386 | Trove    | Identified the cursed ring of Tomorrow {+Fly Dex+4 Stlth+}
 11411 | Trove    | Identified the +5 trident "Neonaop" {protect, Dex+2 Stlth+}
 11580 | Lair:1   | Entered Level 1 of the Lair of Beasts
 11783 | D:11     | Got the cursed robe "Jualuc" {rF+ Str+3 Stlth+}
 11794 | D:11     | Identified the cursed +1 robe "Jualuc" {rF+ Str+3 Stlth+}
                  | (You found it on level 11 of the Dungeon)
 11969 | D:11     | Identified the +8 trident of Debt {freeze, Str+4 Dex+5}
 12456 | Lair:1   | Noticed Fannar
 12486 | Lair:1   | Killed Fannar
 12490 | Lair:1   | Mangled by a cane toad

Illustrated notes

Levels and vault maps discovered:
D:1:      giann_forest_graveyard, layout_rooms, serial_curves, eino_curves_03,
          eino_curves_03, hangedman_abyss_or_decor_stabs,
          nicolae_ashenzari_panopticon
D:2:      layout_rooms
D:3:      layout_basic, chequers_decorated_corner, nemelex_spade_bored_becter,
          uniq_ijyb
D:4:      layout_loops_ring, nicolae_overflow_hidden_temple, okawaru_gym_becter
D:5:      layout_rooms, uniq_eustachio
D:6:      layout_loops_ring, minmay_temple_entry_sparse_star,
          gammafunk_ghost_mausoleum, uniq_menkaure
D:7:      layout_basic
D:8:      layout_loops_corners, serial_shops,
          nicolae_shop_temple_entry_statues_fountains
D:9:      layout_basic, serial_curves, eino_curves_02, eino_curves_01
D:10:     layout_irregular_city, grunt_lair_entry_orc_guard_hut
D:11:     layout_stronghold, nicolae_trove_entry_diagonal,
          lemuel_flamethrower_hall, uniq_nergalle
Lair:1:   layout_cave_pods, gammafunk_ghost_wrathful_warriors,
          grunt_megastairs_5, uniq_fannar

Skill      XL: |  1  2  3  4  5  6  7  8  9 10 11 12 13 |
---------------+----------------------------------------+-----
Spellcasting   | 5 6 7 8 9 |  9.3
Invocations    | 1 2 3 4 5 6 7 8 |  8.6
Fighting       | 1 2 3 4 5 7 |  7.8
Short Blades   | 1 2 3 4 5 7 |  7.8
Long Blades    | 1 2 3 4 5 7 |  7.8
Axes           | 1 2 3 4 5 7 |  7.8
Maces & Flails | 1 2 3 4 5 7 |  7.8
Polearms       | 1 2 3 4 5 7 |  7.8
Staves         | 1 2 3 4 5 7 |  7.8
Slings         | 1 2 3 4 5 7 |  7.8
Bows           | 1 2 3 4 5 7 |  7.8
Crossbows      | 1 2 3 4 5 7 |  7.8
Throwing       | 1 2 3 4 5 7 |  7.8
Armour         | 1 2 3 4 5 7 |  7.8
Shields        | 1 2 3 4 5 7 |  7.8
Unarmed Combat | 1 2 3 4 5 7 |  7.8
Evocations     | 1 2 3 4 5 7 |  7.8
Conjurations   | 1 2 3 4 5 6 |  6.5
Hexes          | 1 2 3 4 5 6 |  6.5
Summonings     | 1 2 3 4 5 6 |  6.5
Necromancy     | 1 2 3 4 5 6 |  6.5
Translocations | 1 2 3 4 5 6 |  6.5
Transmutations | 1 2 3 4 5 6 |  6.5
Fire Magic     | 1 2 3 4 5 6 |  6.5
Air Magic      | 1 2 3 4 5 6 |  6.5
Earth Magic    | 1 2 3 4 5 6 |  6.5
Poison Magic   | 1 2 3 4 5 6 |  6.5
Dodging        | 5 6 7 8 9 |  9.1
Stealth        | 5 6 7 8 9 |  9.0
Ice Magic      | 8 9 |  9.7

Action                   |  1- 3 |  4- 6 |  7- 9 | 10-12 | 13-15 || total
-------------------------+-------+-------+-------+-------+-------++-------
Melee: Short sword       |    31 |       |       |       |       ||    31
       Dagger            |       |    33 |       |       |       ||    33
       Bite              |       |     4 |    20 |    17 |     7 ||    48
       Spear             |       |    17 |   131 |       |       ||   148
       Punch             |       |     1 |     2 |     6 |     6 ||    15
       Falchion          |       |       |    93 |   125 |    19 ||   237
       Trident           |       |       |       |       |    44 ||    44
Throw: Dart              |       |       |       |     2 |       ||     2
 Cast: Freeze            |    18 |       |       |       |       ||    18
       Frozen Ramparts   |     4 |    15 |    41 |    25 |    12 ||    97
       Blink             |       |       |       |     2 |       ||     2
       Ozocubu's Armour  |       |       |       |       |     1 ||     1
Invok: Curse Item        |       |       |     1 |       |     1 ||     2
Evoke: Wand              |       |       |       |     4 |       ||     4
  Use: Potion            |     2 |     1 |       |     5 |     1 ||     9
       Scroll            |       |     4 |     2 |    11 |     3 ||    20
 Stab: Sleeping          |     6 |     2 |    14 |     3 |       ||    25
       Distracted        |       |       |     3 |     2 |       ||     5
Armor: Leather armour    |    15 |     1 |    32 |    20 |       ||    68
       Robe              |       |       |       |       |    13 ||    13
Dodge: Dodged            |    38 |    33 |   152 |    93 |    70 ||   386
Block: Other             |       |       |    11 |    41 |    17 ||    69
       Reflection        |       |       |     2 |       |       ||     2
       Rpst.: Falchion   |       |       |    19 |    26 |     3 ||    48
